Cogmind - Beta 14 @@@ ROGUE MODE // 2024.08.27 @ 10:57:11 Player: Chaotick Result: Destroyed by as-93554 with Assembled Blade Performance ------------- Evolutions (1) 500 Regions Visited (3) 600 Robots Destroyed (7) 35 Value Destroyed (144) 144 Prototype IDs (2) 40 Alien Tech Used (0) 0 Bonus (0) 0 TOTAL SCORE: 1319 Bonus ------- None Cogmind --------- Core Integrity 0/400 Matter 300/300 Energy 98/100 System Corruption 5% Temperature Warm (124) Movement Core (50) Location -9/Mines Parts ------- > --- POWER (1) -------- (None) > --- PROPULSION (4) --- (None) > --- UTILITY (2) ------ (None) > --- WEAPON (2) ------- Makeshift Hammer > --- INVENTORY (5) ---- Visual Processing Unit Peak State ------------ > --- POWER ------------ Light Ion Engine > --- PROPULSION ------- Aluminum Leg Aluminum Leg Improved Hover Unit Improved Hover Unit > --- UTILITY ---------- Heat Sink Small Storage Unit > --- WEAPON ----------- Medium Laser Light Assault Rifle > --- INVENTORY -------- Light Ion Engine Light Treads Light Treads Wheel Wheel Visual Processing Unit Light Armor Plating EM Shotgun [Rating: 12] Favorites ----------- Power Light Ion Engine Engine Light Ion Engine Propulsion Aluminum Leg Treads Light Treads Leg Aluminum Leg Wheel Wheel Hover Unit Improved Hover Unit Utility Small Storage Unit Device Heat Sink Storage Small Storage Unit Protection Light Armor Plating Weapon Medium Laser Energy Gun Medium Laser Ballistic Gun Light Assault Rifle Impact Weapon Makeshift Hammer Build | -11 -10 -9 -9 ------- Run | Yrd Mat Mat Min Slots Evolved 2 | . . 2 . Power . | . . . . Propulsion 2 | . . 2 . Utility . | . . . . Weapon . | . . . . Parts Attached 28 | 6 . 5 17 Power 4 | 1 . 1 2 Engine 4 | 1 . 1 2 Core . | . . . . Reactor . | . . . . Propulsion 12 | 2 . 2 8 Treads 3 | . . . 3 Leg 3 | 2 . . 1 Wheel 4 | . . . 4 Hover 2 | . . 2 . Flight . | . . . . Utility 3 | 1 . 1 1 Device 1 | . . 1 . Storage 1 | 1 . . . Processor . | . . . . Hackware . | . . . . Protection 1 | . . . 1 Artifact . | . . . . Weapon 9 | 2 . 1 6 Energy Gun 7 | 2 . . 5 Energy Cannon . | . . . . Ballistic Gun 1 | . . 1 . Ballistic Cannon . | . . . . Launcher . | . . . . Special Weapon . | . . . . Impact Weapon 1 | . . . 1 Slashing Weapon . | . . . . Piercing Weapon . | . . . . Special Melee Weapon . | . . . . Unidentified Prototypes . | . . . . Parts Lost 22 | . . . 22 Power 3 | . . . 3 Propulsion 11 | . . . 11 Utility 2 | . . . 2 Weapon 6 | . . . 6 Highest Loss Streak 13 | . . . 13 To Critical Strikes . | . . . . Average Slot Usage (%) 74 | . 85 72 70 Engine 9 | . 14 11 6 Treads 5 | . . . 12 Leg 19 | . 28 22 13 Wheel 1 | . . . 4 Hover 1 | . . 2 . Device 5 | . . 4 8 Storage 10 | . 14 11 8 Energy Gun 15 | . 28 17 9 Ballistic Gun 4 | . . 4 6 Peak Build Rating 12 | 6 6 12 12 Average Rating 6 | 4 6 6 7 On Entrance 6 | . 6 6 12 Naked Turns 3 | . . . 3 Heaviest Build 12 | 12 12 12 11 Greatest Support 40 | 20 20 20 40 Greatest Overweight (x) 1 | 1 . . 1 Average Overweight (x) . | . . . . Largest Inventory Capacity 8 | 8 8 8 8 Average Capacity 7 | 6 8 8 7 Most Carried 8 | 6 7 8 8 Average Carried 6 | 4 6 7 5 Final Capacity 8 | 8 8 8 5 Final Carried 8 | 6 7 8 1 Class Distribution -------------------- 83% | Mutant 16% | Scavenger-Mutant Dominant Class ---------------- Mutant | -10/Materials Mutant | -9/Materials Mutant | -9/Mines Resources | -11 -10 -9 -9 ----------- Run | Yrd Mat Mat Min Matter Collected 437 | 260 . 30 147 Remotely . | . . . . Salvage Created 263 | . 17 105 141 Parts 12 | . 2 6 4 Haulers Intercepted . | . . . . Recyclers Shooed . | . . . . Parts Field Recycled . | . . . . Retrieved Matter . | . . . . Parts Self-Destructed . | . . . . Prevented . | . . . . Kills | -11 -10 -9 -9 ------- Run | Yrd Mat Mat Min Combat Hostiles Destroyed 11 | . 1 2 8 Melee 1 | . . . 1 Guns 8 | . . 2 6 AOE 1 | . 1 . . Classes Destroyed 5 | . 1 2 2 Worker 1 | . . 1 . Swarmer 3 | . 1 1 1 Grunt 2 | . . . 2 Sentry 1 | . . 1 . Assembled 5 | . . . 5 Best Kill Streak 3 | . 1 2 3 Combat Bots Only 3 | . 1 1 3 Max Kills in Single Turn 2 | . 1 2 1 Gunslinging . | . . . . Exploded 1 | . 1 . . Melee 1 | . . . 1 Uniques/NPCs Destroyed . | . . . . Combat | -11 -10 -9 -9 -------- Run | Yrd Mat Mat Min Hostile Shots Fired 144 | . 12 27 105 Missed 37 | . 5 8 24 Damage Taken 1882 | . 61 192 1629 Core 425 | . 15 51 359 Absorbed by Shields . | . . . . Core Remaining (%) 97 | 100 94 . . Volleys Fired 42 | . 5 13 24 Largest 2 | . 2 2 2 Hottest 115 | . 90 90 115 Shots Fired 81 | . 10 26 45 Gun 81 | . 10 26 45 Cannon . | . . . . Launcher . | . . . . Special . | . . . . Kinetic 22 | . . 6 16 Thermal 46 | . 5 13 28 Explosive . | . . . . Electromagnetic 13 | . 5 7 1 Robot Hit Streak 10 | . 2 10 5 Robot Miss Streak 3 | . 2 3 3 Penetration Max . | . . . . Secondary Targets 3 | . . . 3 Max Gunslinging Chain 1 | . . . 1 Shots Hit Robots 53 | . 4 19 30 Core Hits 20 | . 2 6 12 Critical Kills . | . . . . Critical Parts Destroyed 1 | . . . 1 Critical Strikes 5 | . . 3 2 Burn 3 | . . 2 1 Destroy 1 | . . . 1 Corrupt 1 | . . 1 . Melee Attacks 8 | . . . 8 Impact 8 | . . . 8 Slashing . | . . . . Piercing . | . . . . Sneak Attacks . | . . . . Combat Hostiles . | . . . . Follow-up Attacks . | . . . . Damage Inflicted 808 | . 140 214 454 Guns 599 | . 62 214 323 Cannons . | . . . . Explosions 78 | . 78 . . Melee 131 | . . . 131 Ramming . | . . . . Kinetic 130 | . . 45 85 Thermal 454 | . 102 114 238 Explosive . | . . . . Electromagnetic 93 | . 38 55 . Impact 131 | . . . 131 Slashing . | . . . . Piercing . | . . . . Highest Corruption 5 | . . . 5 Average Corruption 5 | . . . 5 Corruption Purged . | . . . . Corruption Blocked . | . . . . Effects 3 | . . . 3 Matter Fused 1 | . . . 1 Heat Flow Errors 2 | . . . 2 Overload Shots . | . . . . Overflow Damage 81 | . . . 81 Projectiles . | . . . . Explosions . | . . . . Melee 81 | . . . 81 Knockbacks . | . . . . Impact . | . . . . Kinetic . | . . . . Secondary . | . . . . Self-Inflicted Damage . | . . . . Shots . | . . . . Rammed . | . . . . Targets Rammed . | . . . . Kicked . | . . . . Crushed . | . . . . Highest Temperature 254 | . 120 198 254 Average Temperature 65 | . 54 69 67 Received Heat Transfer 361 | . 12 72 277 Siege Activations . | . . . . Robots Corrupted 1 | . . . 1 Combat Hostiles 1 | . . . 1 Parts Fried 1 | . . . 1 Impact Corruptions 2 | . . . 2 Robots Melted . | . . . . Combat Hostiles . | . . . . Parts Melted 1 | . . . 1 Heat Transferred 1360 | . 174 481 705 Parts Sabotaged . | . . . . Parts Stolen . | . . . . Parts Stripped . | . . . . Power Chain Reactions 2 | . 2 . . Alert | -11 -10 -9 -9 ------- Run | Yrd Mat Mat Min Peak Influence 158 | . 69 158 91 Initial 61 | . . 28 61 Average 50 | . 21 76 51 Maximum Alert Level . | . . . . Low Security (%) 100 | 100 100 100 100 Level 1 . | . . . . Level 2 . | . . . . Level 3 . | . . . . Level 4 . | . . . . Level 5 . | . . . . High Security . | . . . . Max Security . | . . . . Squads Dispatched 2 | . 1 1 . Investigation . | . . . . Extermination . | . . . . Reinforcement 2 | . 1 1 . Assault . | . . . . Garrison . | . . . . Intercept . | . . . . Searches Triggered . | . . . . Construction Impeded . | . . . . Haulers Reinforced . | . . . . Active Scanning Responses . | . . . . Cargo Convoy Interrupts . | . . . . Stealth | -11 -10 -9 -9 --------- Run | Yrd Mat Mat Min Distress Signals 2 | . 1 1 . Communications Jammed . | . . . . Distress Signals . | . . . . Times Spotted 33 | . 6 7 20 Peak Tracking Total 10 | . 3 4 10 Tactical Retreats 6 | . 1 1 4 Traps | -11 -10 -9 -9 ------- Run | Yrd Mat Mat Min Traps Triggered . | . . . . Indirectly . | . . . . Trap Hack Attempts . | . . . . Triggered . | . . . . Disarmed . | . . . . Reprogrammed . | . . . . Reused . | . . . . Traps Extracted . | . . . . Installed . | . . . . Triggered . | . . . . Machines | -11 -10 -9 -9 ---------- Run | Yrd Mat Mat Min Machines Disabled . | . . . . Max in Single Turn . | . . . . Machines Repaired . | . . . . Machines Dismantled . | . . . . Machines Sabotaged . | . . . . Overloaded Fab Kills . | . . . . Hacking | -11 -10 -9 -9 --------- Run | Yrd Mat Mat Min Machines Accessed 6 | . 1 4 1 Terminals 6 | . 1 4 1 Fabricators . | . . . . Repair Stations . | . . . . Recycling Units . | . . . . Scanalyzers . | . . . . Garrison Access . | . . . . Total Hacks 13 | . 3 9 1 Successful 5 | . 2 3 . Failed 8 | . 1 6 1 Catastrophic 2 | . . 1 1 Database Lockouts . | . . . . Manual . | . . . . Terminals 13 | . 3 9 1 Fabricators . | . . . . Repair Stations . | . . . . Recycling Units . | . . . . Scanalyzers . | . . . . Garrison Access . | . . . . Terminal Hacks 5 | . 2 3 . Prototype ID Bank 1 | . . 1 . Alert Level 1 | . 1 . . Reinforcement Status 1 | . . 1 . Zone Layout 2 | . 1 1 . Fabricator Hacks . | . . . . Repair Station Hacks . | . . . . Recycling Unit Hacks . | . . . . Scanalyzer . | . . . . Garrison Access Hacks . | . . . . Unauthorized Hacks . | . . . . Terminals . | . . . . Fabricators . | . . . . Repair Stations . | . . . . Recycling Units . | . . . . Scanalyzers . | . . . . Garrison Access . | . . . . Data Cores Recovered . | . . . . Used . | . . . . Hacking Detections 6 | . 1 4 1 Full Trace Events . | . . . . Feedback Events . | . . . . Feedback Blocked . | . . . . Robot Schematics Acquired . | . . . . Robots Built . | . . . . Authchips . | . . . . Time . | . . . . Total Robot Build Rating . | . . . . Part Schematics Acquired . | . . . . Parts Built . | . . . . Authchips . | . . . . Time . | . . . . Total Part Build Rating . | . . . . Parts Repaired . | . . . . Time . | . . . . Parts Recycled . | . . . . Recycled Matter . | . . . . Retrieved Matter . | . . . . Retrieved Components . | . . . . Parts Scanalyzed . | . . . . Part Schematics Acquired . | . . . . Parts Damaged . | . . . . Bothacking | -11 -10 -9 -9 ------------ Run | Yrd Mat Mat Min Used RIF Installer . | . . . . Robots Hacked . | . . . . Non-combat . | . . . . Combat . | . . . . Robot Hacks Applied . | . . . . Relay Couplers Released . | . . . . Fabnet Peak Effective % . | . . . . Robots Rewired . | . . . . Allies Hacked . | . . . . Hacks Repelled . | . . . . Allies | -11 -10 -9 -9 -------- Run | Yrd Mat Mat Min Total Allies . | . . . . Largest Group . | . . . . Highest-Rated Group . | . . . . Highest-Rated Ally . | . . . . Total Orders . | . . . . Ally Attacks . | . . . . Total Damage . | . . . . Kills . | . . . . Allies Corrupted . | . . . . Allies Melted . | . . . . Intel | -11 -10 -9 -9 ------- Run | Yrd Mat Mat Min Robot Analysis Total . | . . . . Derelict Logs Recovered . | . . . . Drone Launches . | . . . . Drone Recoveries . | . . . . Exploration | -11 -10 -9 -9 ------------- Run | Yrd Mat Mat Min Turns Passed 679 | 65 106 238 270 Spaces Moved 415 | 50 76 132 157 Core 50 | 15 . . 35 Treads 11 | . . . 11 Legs 306 | 35 76 111 84 Wheels 27 | . . . 27 Hover 21 | . . 21 . Flight . | . . . . Fastest Speed 50 | 50 120 76 50 Average Speed 109 | 102 120 113 102 Slowest Speed 190 | 120 120 120 190 Overloaded Moves . | . . . . Propulsion Burnouts . | . . . . Robots Hopped . | . . . . Cave-ins Triggered . | . . . . Exploration Rate (%) 21 | 4 22 17 41 Regions Visited 3 Branch Regions 1 Pre-discovered Areas . | . . . . Known Exits Taken . | . . . . Unknown Exits Taken 3 | 1 1 1 . Scrap Searched 1 | . . . 1 Spaces Dug . | . . . . Terrain Destroyed 8 | . 8 . . Melee . | . . . . Projectile . | . . . . AOE 8 | . 8 . . Terrain Rammed . | . . . . Walls Destroyed . | . . . . Machines Disabled . | . . . . Actions | -11 -10 -9 -9 --------- Run | Yrd Mat Mat Min Total 553 | 61 81 197 214 Wait 42 | . . 38 4 Move 412 | 49 75 131 157 Hop . | . . . . Pick Up 15 | 6 1 5 3 Fast Attach 14 | 6 . 3 5 Attach 12 | . . 1 11 Detach . | . . . . Swap 2 | . . 1 1 Drop 6 | . . 5 1 Fire 42 | . 5 13 24 Melee 8 | . . . 8 Ram . | . . . . Kick . | . . . . Crush . | . . . . Escape Stasis . | . . . . Rewire . | . . . . Trap . | . . . . Miscellaneous . | . . . . Route ------- -11/Scrapyard -10/Materials -9/Materials -9/Mines History --------- Turn | Location | Event 9 | -11/Scrapyard | Discovered new exit (range 16) 66 | -11/Scrapyard | Entered Materials 164 | -10/Materials | Discovered new exit (range 8) 172 | -10/Materials | Entered another Materials area 172 | -9/Materials | Evolved 2 slots: Propulsion x2 314 | -9/Materials | Build established: Mutant 398 | -9/Materials | Discovered new exit (range 14) 410 | -9/Materials | Entered Mines 457 | -9/Mines | Lost 4 parts (1p3n) 517 | -9/Mines | Assembled infested the area 608 | -9/Mines | Core integrity fell below 50% 614 | -9/Mines | Core integrity fell below 20% 626 | -9/Mines | A weapon hastily lodged in a ceiling crevice suddenly fell to the ground 646 | -9/Mines | Lost 13 parts (1p5n1u6w) 680 | -9/Mines | Destroyed by as-93554 with Assembled Blade Last Messages --------------- 00657_ Lgt. Ion Engine destroyed. 00657_ Destroyed Flight Unit. 00657_ S-10 Pest system corrupted by crushing effect. 00658_ S-10 Pest system terminally corrupted. 00658_ Flight Unit fried. 00659_ Acquired 14 matter. 00660_ Connecting with Terminal... 00660_ Current location identified: Mines 00660_ Lgt. Armor Plating destroyed. 00664_ S-10 Pest destroyed. 00669_ S-10 Pest system corrupted by crushing effect. 00670_ S-10 Pest system terminally corrupted. 00674_ Wheel destroyed. 00679_ System corrupted: Heat flow error (+149). 00679_ Destroyed Asb. F-torch. 00679_ as-52673 system corrupted by crushing effect. 00679_ as-52673 destroyed. Map ----- +----------------------------------------------------+ | # # ## #????# ##?????????????????????????? | | # ! ## #????# =??????????????????????????? | | ### #????# #??????????????????????????? | | # ## ###### #######????????????????????? | | |% ##???????????????????? | | =% #???????????????????? | | ########## #???????????????????? | | # ###????????## ##??????#????#???????? | | ##?????????## ##????? #?? ##??????? | | % #?????????## ! #???## ## ???????? | | ### #????????## %! #??# %%* ??????? | | # ##?## ##????????# ##?# ! ??????? | | ## #???####?????????# ### %= ?????? | | ## #????????????????# =%= ?????? | | ##???????????????# ! [ % ?????? | | !! ##??????????????# ##=## ### *??????? | | [##?????????????## ##%#??# #?????????????? | | #??????????????### ###!#????#?????????????? | | #????????????????####?# #### #?????????????? | | ### ##????????????????###### #?????????????? | | ??## #?????????????????# ######?????????????? | | ???# #?????????????????# ######??????????????????? | | #### #?????????????????# #???????????????????????? | | #???????????????###a#???????????????????????? | | ######???????????????#T#a######??????????????????? | | ?????????????????????# = @ #??????????????????? | | ?????????????????????#[%a a #??????????????????? | | ?????????????????????# =""" #??????????????????? | | ?????????????????????# """ #??????????????????? | | ?????????????????????# """ #??????????????????? | | ?????????????????????# #??????????????????? | | ?????????????????????# % #??????????????????? | | ?????????????????????##########??????????????????? | | ?????????????????????????????????????????????????? | | ?????????????????????????????????????????????????? | | ?????????????????????????????????????????????????? | | ?????????????????????????????????????????????????? | | | | | | | | | | | | | | | | | | | | | | | | | | | +----------------------------------------------------+ Best States ------------- Heat Dissipation 38 Energy Generation 10 Energy Capacity 125 Matter Stores 300 Matter Capacity 300 Sight Range 16 Terrain Scan Density 10 Armor Coverage 150 Evasion (%) 55 Recoil Reduction 2 Item Schematics ----------------- None Robot Schematics ------------------ None Fabricated ------------ Nothing Alien Tech Used ----------------- None Achievements -------------- None Challenges ------------ None Game ------ Seed ArmoredScatterMatrix Manual? 0 Play Time 00:13:55 Cumulative 43.4 hours Start 2024.08.27 @ 10:38:47 End 2024.08.27 @ 10:57:11 Sessions 1 Manual Loads 0 Difficulty Rogue Special Mode None Game No. 37 Rogue 37 Adventurer 0 Explorer 0 Win Type - Total 0 Types 0/0/0/0/0/0/0/0/0 Lore% 22 Gallery% 38 Achievement% 26 Wizard Run 0 Options --------- Layout 1 ASCII 0 Keyboard 0 Movement Mouse Keybinds 0 Fullscreen 1 Font 32/SmallcapsGlow Map View 50x35 Zoom Use 0% Tactical HUD 1 Map Filters NONE Filters NONE Steam 1 RUN: ad62bb14-0dbf-406c-bfe9-109fa53417ea